AoeStats
← AiM | Facu1414

African Clearing

505596237Analyzed
4v4 RM · 21d ago on Sep 10, 2026· 75m 14s· 8 players
Game mode
Random Map
Map size
Large (8 player)
Population
200
Speed
Normal
Resources
Standard
Victory
Conquest
Starting age
Dark Age
Ending age
Imperial Age
RankedLock teamsTeams togetherTeam positionsShared explorationLock speedFull tech treeHidden civsTurbo modeCheats
Victory
Defeat
🇹🇼 Goths · Taiwan
1679
+14
🇹🇷 Mapuche · Türkiye
1578
+18
🇺🇸 Lithuanians · United States
1536
+20
🇨🇳 Berbers · China
1463
+22
🇦🇷 Persians · Argentina
1677
-21
🇲🇽 Vietnamese · Mexico
1610
-18
🇦🇷 Cumans · Argentina
1606
-18
🇦🇷 Khitans · Argentina
1592
-17
DeX_JeD1
2:57 Loom
13:06 Feudal Age
17:55 Castle Age
15:58 Double-Bit Axe
20:22 Bow Saw
25:10 Fletching
25:21 Pikeman
29:29 Wheelbarrow
28:38 Horse Collar
29:41 Padded Archer Armor
35:23 Imperial Age
34:09 Bodkin Arrow
34:11 Elite Skirmisher
35:39 Elite Bolas Rider
36:35 Fishing Lines
37:23 Leather Archer Armor
37:44 Malon
38:56 Gold Mining
38:58 Stone Mining
39:09 Heavy Plow
39:59 Ring Archer Armor
40:13 Forging
39:51 Arson
40:30 Ballistics
40:01 Elite Bolas Rider
41:27 Town Watch
41:58 Hand Cart
42:40 Malon
43:01 Conscription
44:57 Chemistry
45:52 Champi Runner
46:54 Scale Mail Armor
48:21 Iron Casting
48:01 Chain Mail Armor
47:12 Champi Warrior
48:07 Elite Champi Warrior
49:46 Plate Mail Armor
52:15 Masonry
57:29 Butalmapu
57:47 Elite Kona
63:51 Blast Furnace
66:05 Caravan
66:15 Elite Skirmisher
68:30 Bombard Tower
73:02 Hoardings
YiMia
5:20 Loom
12:05 Feudal Age
12:10 Man-at-Arms
17:42 Scale Mail Armor
18:54 Forging
32:28 Wheelbarrow
39:48 Castle Age
43:44 Castle Age
46:30 Stone Mining
51:50 Double-Bit Axe
53:44 Horse Collar
57:07 Heavy Plow
57:48 Chain Mail Armor
58:16 Squires
59:05 Gold Mining
58:55 Pikeman
61:32 Hand Cart
66:05 Imperial Age
65:35 Iron Casting
65:52 Caravan
66:07 Halberdier
68:28 Blast Furnace
67:52 Conscription
68:51 Elite Huskarl
70:30 Bow Saw
72:24 Two-Man Saw
71:55 Crop Rotation
71:58 Anarchy
enzoyin68
13:42 Feudal Age
14:50 Double-Bit Axe
15:02 Loom
17:31 Castle Age
16:13 Scale Barding Armor
18:36 Bow Saw
19:11 Husbandry
19:08 Horse Collar
22:58 Chain Barding Armor
30:33 Wheelbarrow
30:00 Heavy Plow
30:14 Gold Mining
30:15 Stone Mining
30:47 Forging
30:30 Fletching
30:52 Town Watch
34:16 Imperial Age
33:00 Kasbah
32:56 Bodkin Arrow
33:15 Bloodlines
34:05 Padded Archer Armor
34:37 Ballistics
35:01 Bracer
35:41 Conscription
36:35 Chemistry
35:13 Light Cavalry
36:30 Plate Barding Armor
36:11 Leather Archer Armor
36:42 Forging
38:02 Siege Engineers
38:46 Iron Casting
38:20 Hussar
40:37 Coinage
42:08 Blast Furnace
41:39 Ring Archer Armor
42:37 Banking
42:17 Guilds
42:08 Caravan
41:55 Elite Camel Archer
44:12 Cavalier
49:33 Hand Cart
49:19 Maghrebi Camels
49:56 Hoardings
51:28 Elite Genitour
52:17 Thumb Ring
51:33 Elite Skirmisher
74:13 Masonry
73:44 Treadmill Crane
74:18 Masonry
73:43 Heavy Camel Rider
74:35 Capped Ram
[C82]sasuke
10:11 Loom
13:39 Feudal Age
17:17 Castle Age
16:29 Double-Bit Axe
17:58 Gold Mining
19:20 Town Watch
20:07 Bow Saw
26:07 Scale Barding Armor
26:16 Husbandry
27:03 Scale Barding Armor
28:20 Bloodlines
28:59 Chain Barding Armor
30:53 Forging
33:36 Wheelbarrow
33:35 Gold Mining
34:24 Iron Casting
34:00 Horse Collar
35:11 Fletching
37:53 Imperial Age
37:16 Stone Mining
39:12 Plate Barding Armor
41:04 Bodkin Arrow
41:16 Elite Leitis
43:09 Hand Cart
43:13 Heavy Plow
44:14 Two-Man Saw
46:01 Conscription
49:51 Scale Mail Armor
49:13 Pikeman
49:53 Squires
51:26 Chain Mail Armor
50:32 Halberdier
51:34 Tower Shields
52:27 Bracer
AIM | Agua cate 98
3:37 Loom
13:41 Feudal Age
14:21 Double-Bit Axe
14:28 Town Watch
14:18 Man-at-Arms
18:44 Forging
22:21 Arson
26:39 Castle Age
24:53 Scale Mail Armor
26:35 Wheelbarrow
27:10 Long Swordsman
28:04 Squires
28:34 Gambesons
31:43 Iron Casting
34:13 Domestication
40:54 Hand Cart
41:13 Pastoralism
41:32 Bow Saw
45:04 Imperial Age
45:11 Light Cavalry
45:51 Husbandry
46:40 Scale Barding Armor
47:15 Coinage
47:51 Chain Barding Armor
48:36 Hussar
50:22 Plate Barding Armor
51:26 Stone Mining
51:26 Gold Mining
51:58 Elite Steppe Lancer
54:03 Ordo Cavalry
59:17 Chemistry
57:58 Treadmill Crane
64:01 Fletching
71:20 Town Patrol
71:57 Stone Shaft Mining
AiM | Facu1414
10:33 Loom
12:57 Feudal Age
14:33 Double-Bit Axe
17:00 Castle Age
14:43 Horse Collar
15:34 Fletching
17:22 Padded Archer Armor
21:23 Elite Skirmisher
24:31 Pikeman
25:39 Scale Mail Armor
29:08 Squires
31:43 Capped Ram
32:46 Chain Mail Armor
32:38 Arson
36:07 Forging
35:53 Bodkin Arrow
36:48 Wheelbarrow
35:59 Town Watch
38:25 Iron Casting
38:07 Leather Archer Armor
39:30 Hand Cart
42:02 Imperial Age
40:27 Thumb Ring
41:31 Ballistics
42:07 Bow Saw
43:19 Ring Archer Armor
43:51 Chemistry
44:03 Imperial Skirmisher
50:05 Man-at-Arms
50:55 Long Swordsman
52:54 Scale Barding Armor
53:49 Blast Furnace
53:14 Bloodlines
52:29 Light Cavalry
53:07 Cavalier
54:09 Chain Barding Armor
54:22 Hussar
62:44 Halberdier
69:14 Conscription
47_chu_VOI_con
8:54 Loom
11:21 Feudal Age
11:46 Double-Bit Axe
17:05 Forging
22:09 Castle Age
21:46 Bloodlines
22:27 Scale Barding Armor
21:57 Light Cavalry
22:38 Husbandry
24:06 Chain Barding Armor
27:52 Iron Casting
28:36 Wheelbarrow
28:51 Horse Collar
35:56 Imperial Age
35:02 Hand Cart
34:59 Bow Saw
34:40 Gold Mining
35:19 Town Watch
35:35 Heavy Camel Rider
36:14 Fletching
36:02 Capped Ram
37:20 Conscription
38:02 Plate Barding Armor
39:04 Blast Furnace
38:21 Bodkin Arrow
43:31 Ballistics
44:12 Chemistry
42:50 Cavalier
44:56 Two-Man Saw
44:31 Gold Shaft Mining
43:47 Stone Mining
43:59 Heavy Plow
49:25 Stone Shaft Mining
50:01 Hussar
51:44 Town Patrol
53:45 Padded Archer Armor
54:40 Kamandaran
54:57 Leather Archer Armor
54:39 Crossbowman
55:25 Thumb Ring
55:46 Parthian Tactics
60:38 Ring Archer Armor
68:07 Savar
AiM | Fubuki Sinri
12:08 Loom
14:10 Feudal Age
15:08 Double-Bit Axe
17:58 Castle Age
17:05 Fletching
17:08 Gold Mining
18:49 Bodkin Arrow
24:47 Horse Collar
29:15 Ballistics
31:09 Wheelbarrow
31:21 Town Watch
31:50 Heavy Plow
32:00 Bow Saw
35:06 Stone Mining
36:07 Hand Cart
35:52 Town Patrol
40:23 Imperial Age
39:04 Padded Archer Armor
40:34 Stone Shaft Mining
41:04 Leather Archer Armor
40:29 Elite Rattan Archer
41:11 Bracer
42:32 Chemistry
42:02 Squires
44:26 Scale Mail Armor
44:37 Forging
44:52 Elite Fire Lancer
46:11 Chain Mail Armor
47:22 Plate Mail Armor
50:42 Two-Man Saw
51:49 Iron Casting
52:42 Ring Archer Armor
52:30 Arson
54:53 Treadmill Crane
57:08 Fortified Wall
58:37 Crop Rotation
59:14 Siege Engineers
61:12 Paper Money
62:27 Thumb Ring
67:02 Coinage
68:34 Hoardings
69:00 Elite Skirmisher
69:48 Imperial Skirmisher
Connection lost

Rejoining the realm…

Still unreachable

The connection could not be restored.

Session expired

The server has moved on; the page needs a fresh start.